 Dungeon Crawl Stone Soup version 0.28-a0-6-g334057b17a (webtiles) character file.

Game seed: 13528648627547184259

49 Lusmu the Caller (level 3, -2/19 HPs)
             Began as a Tengu Summoner on July 22, 2021.
             Killed by nerve-wracking pain
             ... invoked by an orc priest
              (14 damage)
             ... on level 3 of the Dungeon.
             The game lasted 00:06:23 (2606 turns).

Lusmu the Caller (Tengu Summoner)                   Turns: 2606, Time: 00:06:24

Health: -2/19      AC:  2    Str:  9    XL:     3   Next: 75%
Magic:  7/7        EV: 12    Int: 15    God:
Gold:   59         SH:  0    Dex: 14    Spells: 3/7 levels left

rFire   . . .      SeeInvis .   p - +2 mace (holy)
rCold   . . .      Faith    .   (no shield)
rNeg    . . .      Spirit   .   a - +0 robe
rPois   .          Reflect  .   (helmet restricted)
rElec   .          Harm     .   (no cloak)
rCorr   .          Rampage  .   (no gloves)
Will    .....                   (boots unavailable)
Stlth   ++........              (no amulet)
HPRegen 0.06/turn               (no ring)
MPRegen 0.10/turn               (no ring)

@: no status effects
A: beak, talons 3
a: no special abilities


You were on level 3 of the Dungeon.
You visited 1 branch of the dungeon, and saw 3 of its levels.

You collected 59 gold pieces.

Inventory:

Hand Weapons
 p - a +2 mace of holy wrath (weapon)
Missiles
 b - 17 poisoned darts
 l - 4 javelins
Armour
 a - a +0 robe (worn)
 d - a +0 leather armour
Jewellery
 m - an amulet of guardian spirit
Scrolls
 h - a scroll of summoning {unknown}
 j - a scroll of immolation {unknown}
 k - a scroll of identify {unknown}
 o - a scroll of amnesia {unknown}
Potions
 c - a potion of mutation {unknown}
 f - a potion of attraction {unknown}
 g - a potion of flight {unknown}
 i - 2 potions of resistance {unknown}
 n - a potion of cancellation {unknown}


   Skills:
 - Level 2.1 Dodging
 + Level 2.9 Stealth
 + Level 2.6 Spellcasting
 + Level 5.4 Summonings


You had 3 spell levels left.
You knew the following spells:

 Your Spells              Type           Power      Damage    Failure   Level
a - Summon Small Mammal   Summ           72%        N/A       2%          1
b - Call Canine Familiar  Summ           18%        N/A       7%          3

Your spell library contained the following spells:

 Spells                   Type           Power      Damage    Failure   Level
 Call Imp                 Summ           18%        N/A       3%          2
 Summon Guardian Golem    Hex/Summ       10%        N/A       21%         3
 Summon Lightning Spire   Summ/Air       10%        N/A       56%         4


Dungeon Overview and Level Annotations

Branches:
Dungeon (3/15)

Altars:


Innate Abilities, Weirdness & Mutations

You have a beak for a mouth.
You have claws for feet.


Message History

Things that are here:
a +0 club; a +0 leather armour You swap places.
Things that are here:
a +0 hand axe; a +0 leather armour; an orc corpse You start resting.
An orc priest is nearby!
Throw: 19 darts (poison)
Press: ? - help, Shift-Dir - straight line, f - orc priest
Aim: an orc priest, wielding a +0 dagger (57% to hit)
Really fire in your hound's direction?
Okay, then.
Found 20 arrows.
Found a stone staircase leading up.
Throw: 19 darts (poison)
Press: ? - help, Shift-Dir - straight line, f/p - orc priest
Aim: an orc priest, wielding a +0 dagger (57% to hit)
You throw a poisoned dart.
The poisoned dart closely misses the orc priest.
Your hound bites the orc priest.
Throw: 18 darts (poison)
Press: ? - help, Shift-Dir - straight line, f/p - orc priest
Aim: an orc priest, wielding a +0 dagger (moderately wounded, ally target, 57% to hit)
You throw a poisoned dart. The poisoned dart hits the orc priest.
The orc priest is moderately wounded.
Your hound closely misses the orc priest.
Your hound bites the orc priest.
You hit the orc priest but do no damage.
Your peck misses the orc priest.
The orc priest is severely wounded.
Your hound disappears in a puff of smoke!
The orc priest looks braver for a moment.
You hit the orc priest.
The orc priest is almost dead.
The orc priest hits you with a +0 dagger. x2
You barely miss the orc priest.
The orc priest is almost dead.
The orc priest calls down the wrath of Beogh upon you.
Pain shoots through your body!
Ouch! That really hurt!
You die...

## #. # #. #######.#
#.#####.......#
#.....#........
#.....#........
#########..†..@.......
#.......'....))o......
#.......#.<.....(.....
#.......'.###'###.....
#.......#.#8..# <..#.
#.......#'#...##....#
#....#...8...8.8....#
##...#......_.......(
#.......8.8.8.8...


You could see an orc priest.

Vanquished Creatures
  2 dart slugs
  3 orcs (D:3)
  3 ball pythons
  2 endoplasms
  A giant cockroach (D:1)
  2 hobgoblins
  2 jackals (D:3)
  2 kobolds
  A quokka (D:1)
  A frilled lizard (D:2)
  A rat (D:1)
20 creatures vanquished.

Vanquished Creatures (collateral kills)
  An iguana (D:2)
  2 orcs (D:2)
  An endoplasm (D:1)
  2 goblins
  A quokka (D:1)
  2 kobolds
  A rat (D:1)
10 creatures vanquished.

Grand Total: 30 creatures vanquished

Notes
Turn   | Place    | Note
-------+----------+-------------------------------------------
     0 | D:1      | Lusmu the Tengu Summoner began the quest for the Orb.
     0 | D:1      | Reached XP level 1. HP: 10/10 MP: 4/4
   345 | D:1      | Reached skill level 5 in Summonings
   348 | D:1      | Reached XP level 2. HP: 15/15 MP: 3/6
  1556 | D:2      | Reached XP level 3. HP: 19/19 MP: 1/7
  1615 | D:2      | Learned a level 3 spell: Call Canine Familiar
  2560 | D:3      | Found a faded altar of an unknown god.
  2606 | D:3      | Killed from afar by an orc priest

Illustrated notes

Levels and vault maps discovered:
D:1:      ncdulo_watergridlock, layout_loops_ring
D:2:      layout_loops_ring
D:3:      layout_basic, grunt_temple_overflow_open,
          ebering_ecumenical_altar_ruins

Skill      XL: |  1 |
---------------+----+-----
Summonings     | 5 |  5.4
Dodging        | |  2.1
Stealth        | |  2.9
Spellcasting   | |  2.6

Action                   || total
-------------------------++-------
Melee: Club              ||     8
       Unarmed           ||     4
       Kick              ||    11
       Peck              ||     4
       Dagger            ||    26
       Mace              ||    13
Throw: Dart              ||     3
 Cast: Summon Small Mamm ||    27
       Call Canine Famil ||     3
  Use: Scroll            ||     2
 Stab: Sleeping          ||     5
       Distracted        ||     1
Armor: Robe              ||     5
Dodge: Dodged            ||    32

Table legend: (Time is in decaauts)
 A = Elapsed time spent in this place.
 B = Non-inter-level travel time spent in this place.
 C = Inter-level travel time spent in this place.
 D = Time resting spent in this place.
 E = Time spent auto-exploring this place.
 F = Levels seen in this place.
 G = Mean time per level.
                   A        B        C        D        E       F      G
               +--------+--------+--------+--------+--------+-----+--------+
         Total |   2614 |   2541 |     73 |   1059 |    939 |   3 |  871.3 |
       Dungeon |   2614 |   2541 |     73 |   1059 |    939 |   3 |  871.3 |
               +--------+--------+--------+--------+--------+-----+--------+

Top non-repeatable levels by time:
     D:1: 1240 daAuts
     D:2: 1239 daAuts
     D:3: 135 daAuts
